 Dungeon Crawl Stone Soup version 0.20.0-8-g6b59dc7 (webtiles) character file.

21706 zhorgal the Destroyer (level 12, 0/97 HPs)
             Began as a Yellow Draconian Wizard on May 30, 2017.
             Was an Elder of Hepliaklqana.
             Slain by a wolf (2 damage)
             ... on level 3 of the Lair of Beasts.
             The game lasted 01:55:14 (17581 turns).

zhorgal the Destroyer (Yellow Draconian Wizard)    Turns: 17581, Time: 01:55:15

Health: 0/97       AC: 11    Str: 10    XL:     12   Next: 56%
Magic:  15/25      EV: 16    Int: 22    God:    Hepliaklqana [****..]
Gold:   838        SH:  4    Dex: 11    Spells: 20/29 levels left

rFire    . . .     SeeInvis .   U - +5 spear
rCold    . . .     Gourm    .   A - +0 buckler
rNeg     . . .     Faith    .   (armour unavailable)
rPois    +         Spirit   .   a - +1 hat
rElec    .         Reflect  .   (no cloak)
rCorr    +         Harm     .   F - +0 pair of gloves
MR       .....                  x - +0 pair of boots
Stlth    ++........             (no amulet)
Regen    0.3/turn               z - ring of poison resistance
MPRegen  0.2/turn               G - +3 ring of evasion

@: short of breath
A: spit acid, acid resistance, unfitting armour, reduced essence, cold-blooded,
AC +8
a: Breathe Acid, Recall Ancestor, Ancestor Identity, Transference, Idealise,
Renounce Religion


You were on level 3 of the Lair of Beasts.
You worshipped Hepliaklqana.
Hepliaklqana was greatly pleased with you.
You were not hungry.

You visited 3 branches of the dungeon, and saw 15 of its levels.
You also visited: Sewer.

You collected 838 gold pieces.

Inventory:

Hand Weapons
 r - a +0 blowgun
 C - a +2 whip of freezing
 M - a +1 spear of venom
 R - a +0 halberd
 T - a cursed +0 scimitar of electrocution
 U - a +5 spear (weapon)
Missiles
 l - 491 stones (quivered)
 p - 25 tomahawks
 s - 82 poisoned needles
 J - 3 throwing nets
 W - 7 javelins of penetration
Armour
 a - a +1 hat (worn)
 x - a +0 pair of boots (worn)
 A - a +0 buckler (worn)
 F - a +0 pair of gloves (worn)
Jewellery
 z - a ring of poison resistance (left hand)
 G - a +3 ring of evasion (right hand)
 I - an uncursed ring of positive energy
 X - an uncursed ring of protection from fire
 Z - an uncursed ring of protection from cold
Wands
 m - a wand of confusion (12/48)
 y - a wand of polymorph (11/24)
 K - a wand of acid (5/15)
 O - a wand of clouds (4/9)
 S - a wand of clouds (7/9)
 Y - a wand of flame (7/48)
Scrolls
 d - 5 scrolls of enchant armour
 f - 3 scrolls of remove curse
 g - 4 scrolls of amnesia
 i - 4 scrolls of identify
 q - 3 scrolls of blinking
 H - a scroll of fog
 L - a scroll of recharging
 N - a scroll of teleportation
 Q - a scroll of vulnerability {unknown}
Potions
 e - 2 potions of brilliance
 h - 5 potions of haste
 k - 5 potions of might
 n - 2 potions of flight
 t - 2 potions of agility
 u - 3 potions of heal wounds
 v - 4 potions of curing
 w - 2 potions of invisibility
 E - 3 potions of mutation
 P - 2 potions of resistance
Books
 b - a book of Minor Magic

   Spells                             Type                      Level
   a - Magic Dart                     Conjuration                  1
   b - Blink                          Translocation                2
   c - Call Imp                       Summoning                    2
   d - Slow                           Hexes                        2
   e - Conjure Flame                  Conjuration/Fire             3
   f - Mephitic Cloud                 Conjuration/Poison/Air       3
 D - a book of Air

   Spells                             Type                      Level
   a - Shock                          Conjuration/Air              1
   b - Swiftness                      Charms/Air                   2
   c - Static Discharge               Conjuration/Air              3
   d - Airstrike                      Air                          4
   e - Lightning Bolt                 Conjuration/Air              5
Comestibles
 c - 8 bread rations
 j - 6 meat rations
 o - 8 royal jellies
 B - 11 chunks of flesh


   Skills:
 + Level 10.7 Fighting
 + Level 3.4 Dodging
 - Level 1.7 Stealth
 - Level 4.0 Shields
 + Level 9.3 Spellcasting
 * Level 13.5 Conjurations
   Level 1.0 Summonings
 - Level 1.0 Translocations
 - Level 7.0 Invocations


You had 20 spell levels left.
You knew the following spells:

 Your Spells              Type           Power        Failure   Level  Hunger
a - Magic Dart            Conj           ####         1%          1    None
b - Mephitic Cloud        Conj/Pois/Air  ####....     3%          3    None
c - Conjure Flame         Conj/Fire      #####...     1%          3    None
d - Blink                 Tloc           N/A          6%          2    None


Dungeon Overview and Level Annotations

Branches:
Dungeon (11/15)            Temple (1/1) D:4            Lair (3/6) D:11
 Shoals (0/4) Lair:2          Orc (0/2) D:10
  Snake: Lair:2-4    Spider: Lair:2-4

Altars:
Ashenzari
Cheibriados
Dithmenos
Elyvilon
Fedhas
Gozag
Hepliaklqana
Kikubaaqudgha
Makhleb
Nemelex Xobeh
Okawaru
Qazlal
Ru
Sif Muna
Trog
Uskayaw
Vehumet
Xom
Yredelemnul
Zin
The Shining One

Shops:
D:5 *   D:11 (


Innate Abilities, Weirdness & Mutations

You can spit globs of acid.
You are resistant to acid.
Your golden yellow scales are hard. (AC +8)
You cannot fit into any form of body armour.
You are cold-blooded and may be slowed by cold attacks.
Your life essence is reduced. (-10% HP)


Message History

The wolf resists with some effort.
The wolf barely misses you.
The yak barely misses Zacarias.
The water moccasin closely misses you. The wolf closely misses you.
The water moccasin closely misses you. The wolf closely misses you.
Casting: Conjure Flame
Confirm with . or Enter, or press ? or * to list all spells.
You blink.
Casting: Blink
Confirm with . or Enter, or press ? or * to list all spells.
Aiming: Conjure Flame
Press: ? - help, Dir - move target cursor, p - wolf The fire ignites!
The wolf bites you.
* * * LOW HITPOINT WARNING * * *
Casting: Conjure Flame
Confirm with . or Enter, or press ? or * to list all spells.
You blink.
You are engulfed in blazing flames.
* * * LOW HITPOINT WARNING * * *
The wolf bites you.
You die...

# ############### ###
#.#####.#....##..#..##..##
........h@h...............
####...ยง.#S..Y.##.#.......
##.#.....####.#R####...#..#
.#...#.....###.#.####..#..##
#....#....###P.#S..#...# ...
.#........# ##...YYh#..##...
.....#....## #...<..'.......
#..........# #...##R#.......
##..#......# ###..##Y.......


You could see the friendly Zacarias the hexer, a yak, a water moccasin and 2
wolves.

Vanquished Creatures
  Harold (Lair:2)
  4 two-headed ogres
  Pikel (D:6)
  An oklob plant (D:11)
  An ugly thing (D:11)
  A manticore (Lair:2)
  3 elephants (Lair:2)
  2 spiny frogs
  3 komodo dragons
  3 blink frogs (Lair:2)
  4 hippogriffs
  A wyvern (Lair:3)
  A basilisk (Lair:2)
  9 yaks
  A warg (D:10)
  4 water moccasins
  A porcupine (Lair:3)
  2 orc warriors (D:10)
  2 sky beasts
  4 ice beasts
  3 ogres
  7 centaurs
  2 crocodiles
  2 wolves (Lair:2)
  5 big kobolds
  5 bullfrogs
  A gnoll sergeant (D:8)
  3 scorpions (D:8)
  4 wights
  3 howler monkeys (D:11)
  3 crimson imps
  2 bullfrog zombies
  5 hounds
  A jelly (D:7)
  3 orc wizards
  2 orc priests
  A centaur skeleton (D:6)
  A gnoll shaman (D:9)
  2 iguanas
  2 hexers
  2 worker ants
  5 gnolls
  9 adders
  4 river rats
  3 shadow imps
  An ooze (D:3)
  An adder skeleton (D:5)
  2 worms (D:3)
  A dart slug (D:3)
  2 leopard geckos
  17 orcs
  5 bats
  4 giant cockroaches
  6 goblins
  4 hobgoblins
  9 jackals
  4 quokkas
  6 ball pythons
  5 frilled lizards
  29 kobolds
  25 rats
250 creatures vanquished.

Vanquished Creatures (collateral kills)
  A two-headed ogre (D:6)
  5 elephants
  A komodo dragon (Lair:1)
  A polar bear (Lair:1)
  6 blink frogs (Lair:2)
  2 hippogriffs (Lair:2)
  6 yaks
  2 hungry ghosts (D:11)
  A water moccasin (Lair:1)
  3 porcupines
  An orc warrior (D:10)
  An ice beast (D:8)
  A necrophage (D:8)
  A sky beast (D:7)
  3 ogres
  A centaur (D:7)
  3 wolves (Lair:2)
  4 crocodiles
  A big kobold (D:10)
  3 bullfrogs
  2 wights
  A crimson imp (D:7)
  A bullfrog skeleton (D:9)
  3 hounds
  3 orc priests
  3 orc wizards
  2 iguanas
  2 worker ants
  3 gnolls
  2 adders
  A worm (D:5)
  A dart slug (D:5)
  2 leopard geckos
  15 orcs
  2 jackals (D:6)
  A frilled lizard (D:5)
  9 kobolds
  A plant (D:11)
101 creatures vanquished.

Vanquished Creatures (others)
  2 slaves (D:6)
  2 centaurs (D:6)
  A howler monkey (D:6)
  An iguana (D:6)
  11 hexers
  7 ancestors
  2 adders (D:6)
  A jackal (D:6)
  12 fungi
  3 plants (Lair:2)
42 creatures vanquished.

Grand Total: 393 creatures vanquished

Notes
Turn   | Place    | Note
-------+----------+-------------------------------------------
     0 | D:1      | zhorgal the Draconian Wizard began the quest for the Orb.
     0 | D:1      | Reached XP level 1. HP: 14/14 MP: 4/4
   256 | D:1      | Reached skill level 2 in Conjurations
   354 | D:1      | Reached XP level 2. HP: 20/20 MP: 4/6
   894 | D:2      | Reached XP level 3. HP: 27/27 MP: 2/7
   992 | D:2      | Reached skill level 3 in Conjurations
  1185 | D:2      | Reached skill level 1 in Fighting
  1639 | D:3      | Found a glowing drain.
  1691 | D:3      | Learned a level 3 spell: Mephitic Cloud
  1817 | D:3      | Reached XP level 4. HP: 26/35 MP: 8/8
  1936 | Sewer    | Entered a sewer
  2165 | Sewer    | Learned a level 3 spell: Conjure Flame
  2225 | Sewer    | Reached skill level 4 in Conjurations
  2742 | Sewer    | Reached XP level 5. HP: 41/41 MP: 7/9
  2948 | Sewer    | Reached skill level 5 in Conjurations
  3103 | Sewer    | Reached XP level 6. HP: 51/51 MP: 8/10
  3868 | D:3      | Found a faded altar of an unknown god.
  3874 | D:3      | Noticed Grinder
  3878 | D:3      | Noticed Grinder
  3878 | D:3      | Grinder changed into Grinder the crimson imp
  3889 | D:3      | Killed Grinder the crimson imp
  4342 | D:4      | Reached skill level 6 in Conjurations
  4342 | D:4      | Your scales start taking on a golden yellow colour.
  4342 | D:4      | Reached XP level 7. HP: 58/58 MP: 5/12
  4476 | D:4      | Found a staircase to the Ecumenical Temple.
  4482 | Temple   | Entered the Ecumenical Temple
  4515 | Temple   | Became a worshipper of Hepliaklqana the Forgotten
  4584 | D:4      | Found an iron altar of Okawaru.
  4595 | D:4      | Found a sparkling altar of Nemelex Xobeh.
  4691 | D:4      | Learned a level 2 spell: Blink
  4786 | D:5      | Entered Level 5 of the Dungeon
  4818 | D:5      | Reached skill level 1 in Shields
  5233 | D:5      | Found Veacvuh's Assorted Antiques.
  5757 | D:5      | Reached * piety under Hepliaklqana
  6013 | D:6      | Noticed Pikel
  6038 | D:6      | Found an ancient bone altar of Kikubaaqudgha.
  6087 | D:6      | Killed Pikel
  6087 | D:6      | Reached skill level 5 in Fighting
  6087 | D:6      | Reached skill level 7 in Conjurations
  6087 | D:6      | Reached XP level 8. HP: 53/61 MP: 6/15
  6154 | D:6      | Found a burning altar of Makhleb.
  6336 | D:6      | Noticed a two-headed ogre
  6368 | D:6      | Killed a two-headed ogre
  6368 | D:6      | Reached skill level 5 in Spellcasting
  6368 | D:6      | Reached skill level 8 in Conjurations
  6368 | D:6      | Reached XP level 9. HP: 40/67 MP: 4/16
  6917 | D:6      | Found a glowing golden altar of the Shining One.
  7488 | D:7      | Reached skill level 9 in Conjurations
  8265 | D:7      | Reached ** piety under Hepliaklqana
  8266 | D:7      | Remembered your ancestor Zacarias as a hexer
  8493 | D:8      | Reached skill level 1 in Invocations
  9382 | D:8      | Reached skill level 10 in Conjurations
  9382 | D:8      | Reached XP level 10. HP: 69/77 MP: 12/19
  9767 | D:8      | Found a deep blue altar of Sif Muna.
 10038 | D:9      | Noticed a two-headed ogre
 10038 | D:9      | Noticed a two-headed ogre
 10062 | D:9      | Killed a two-headed ogre
 10078 | D:9      | Killed a two-headed ogre
 10718 | D:9      | Reached skill level 11 in Conjurations
 11032 | D:9      | Found a radiant altar of Vehumet.
 11298 | D:10     | Entered Level 10 of the Dungeon
 11629 | D:10     | Found a staircase to the Orcish Mines.
 11668 | D:10     | Reached XP level 11. HP: 65/85 MP: 20/22
 11822 | D:10     | Reached *** piety under Hepliaklqana
 12287 | D:10     | Reached skill level 5 in Invocations
 12543 | D:10     | Noticed a two-headed ogre
 12554 | D:10     | Killed a two-headed ogre
 12596 | D:10     | Noticed a two-headed ogre
 12612 | D:10     | Killed a two-headed ogre
 12970 | D:11     | Found a staircase to the Lair.
 12974 | D:11     | Noticed an oklob plant
 13004 | D:11     | Killed an oklob plant
 13026 | D:11     | Noticed a purple ugly thing
 13043 | D:11     | Killed a purple ugly thing
 13043 | D:11     | Reached skill level 12 in Conjurations
 13558 | D:11     | Found Naog's Weapon Emporium.
 13988 | Lair:1   | Entered Level 1 of the Lair of Beasts
 14026 | Lair:1   | Found a sparkling altar of Nemelex Xobeh.
 14467 | Lair:1   | Reached **** piety under Hepliaklqana
 14691 | Lair:2   | Found a staircase to the Shoals.
 15424 | Lair:2   | Found a stormy altar of Qazlal.
 15503 | Lair:2   | Noticed Harold
 15523 | Lair:2   | Killed Harold
 15523 | Lair:2   | Reached skill level 10 in Fighting
 15702 | Lair:2   | Reached XP level 12. HP: 88/95 MP: 16/24
 16048 | Lair:2   | Reached skill level 13 in Conjurations
 17581 | Lair:3   | HP: 2/97 [cloud of flame (23)]
 17581 | Lair:3   | Slain by a wolf

Skill      XL: |  1  2  3  4  5  6  7  8  9 10 11 12 |
---------------+-------------------------------------+-----
Conjurations   | 2 3 4 5 6 7 8 10 11 12 13 | 13.5
Fighting       | 1 2 3 5 7 8 10 | 10.7
Shields        | 2 3 4 |  4.0
Spellcasting   | 4 5 6 7 8 9 |  9.3
Invocations    | 2 4 6 7 |  7.0
Dodging        | 3 |  3.4
Stealth        | |  1.7
Summonings     | |  1.0
Translocations | |  1.0

Action                   |  1- 3 |  4- 6 |  7- 9 | 10-12 || total
-------------------------+-------+-------+-------+-------++-------
Melee: Unarmed           |    13 |       |       |       ||    13
       Tailslap          |     3 |     7 |    24 |    68 ||   102
       Short sword       |    13 |       |       |       ||    13
       Spear             |    20 |   162 |   163 |   623 ||   968
       Trident           |       |       |   137 |       ||   137
Throw: Stone             |       |     1 |       |       ||     1
 Cast: Magic Dart        |    79 |    94 |    33 |   112 ||   318
       Mephitic Cloud    |       |     6 |    14 |    42 ||    62
       Conjure Flame     |       |     3 |     1 |    12 ||    16
       Blink             |       |       |     2 |    10 ||    12
Invok: Recall Ancestor   |       |       |     1 |     1 ||     2
       Ancestor Life: He |       |       |     1 |       ||     1
       Ancestor Identity |       |       |     1 |       ||     1
 Abil: Breathe Acid      |       |       |     1 |    11 ||    12
Evoke: Wand              |       |     2 |     1 |     3 ||     6
  Use: Scroll            |     6 |     1 |       |    15 ||    22
       Potion            |       |       |     5 |       ||     5
 Stab: Confused          |       |     1 |     5 |    19 ||    25
       Sleeping          |       |       |     2 |       ||     2
       Distracted        |       |       |       |     4 ||     4
  Eat: Chunk             |     2 |    10 |    16 |    26 ||    54
       Fruit             |       |       |     1 |     4 ||     5
Armor: Skin              |    28 |    42 |    63 |   100 ||   233
Dodge: Dodged            |    37 |    80 |   135 |   222 ||   474
Block: Buckler           |       |       |    22 |    69 ||    91
